 Dungeon Crawl Stone Soup version bcrawl-1.39.1 (webtiles) character file.

Game seed: 18359072303399012977

503339 Lazarus1551 the Eclecticist (level 15, -9/121 HPs)
             Began as an Oni Earth Elementalist on Sept 24, 2023.
             Was an Elder of Ashenzari.
             Mangled by a ghoul (24 damage)
             ... on level 2 of the Swamp on Sept 25, 2023.
             The game lasted 01:40:22 (21652 turns).

Lazarus1551 the Eclecticist (OnEE)                 Turns: 21652, Time: 01:40:23

Health: -9/121     AC:  8    Str: 23    XL:     15   Next: 68%
Magic:  31/36      EV: 24    Int: 26    God:    Ashenzari [****..]
Gold:   1290       SH: 16    Dex: 21    Spells: 4/44 levels left

rFire    + + +     GDR:     32% a - +8 falchion "Killer Klown's Doom" {vamp, *Drain rN+ Str+2}
rCold    . . .     SeeInvis +   c - +7 buckler of Peatum {rElec}
rNeg     + . .     Gourm    +   L - +0 robe "Damnable Contraption" {*Drain rF+++ Int+3 SInv}
rPois    .         Faith    .   (helmet restricted)
rElec    +         Spirit   .   A - scarf {clouds}
rCorr    .         Reflect  .   i - +2 pair of gloves
MR       ++...     Clarity  +   o - +2 pair of boots "Hingy" {MR+}
Stlth    +++++.....             J - amulet of the gourmand
HPRegen  0.30/turn              X - +4 ring of strength
MPRegen  0.25/turn              C - +5 ring of dexterity

@: mighty, agile
A: oni magic, claws 1, fangs 1, horns 1
a: Curse Item, Scrying, Renounce Religion, Evoke Fog


You were on level 2 of the Swamp.
You worshipped Ashenzari.
Ashenzari was greatly pleased with you.
You were very full.

You visited 5 branches of the dungeon, and saw 21 of its levels.

You collected 2101 gold pieces.
You spent 811 gold pieces at shops.

Inventory:

Hand Weapons
 a - the +8 falchion "Killer Klown's Doom" (weapon) {vamp, *Drain rN+ Str+2}
   (You found it on level 1 of the Lair of Beasts)

   It inflicts no extra harm, but heals its wielder when it wounds a living foe.
   It affects your strength (+2).
   It protects you from negative energy.
   It causes draining when unequipped.
 x - the +5 short sword "Omeol" {pain, MP+9}
   (You took it off a kobold brigand on level 7 of the Dungeon)

   In the hands of one skilled in necromantic magic, it inflicts extra damage on
   living creatures.
   It affects your magic capacity (+9).
Missiles
 b - 1628 stones
 H - 307 poisoned tomahawks (quivered)
Armour
 c - the +7 buckler of Peatum (worn) {rElec}
   (You bought it in a shop in the Orcish Mines)

   It insulates you from electricity.
 i - a +2 pair of gloves (worn)
 n - the cursed +1 plate armour "Ylot" {rPois rC++}
   (You found it on level 5 of the Lair of Beasts)

   It greatly protects you from cold.
   It protects you from poison.
   It has a curse placed upon it.
 o - the +2 pair of boots "Hingy" (worn) {MR+}
   (You bought it in a shop in the Orcish Mines)

   It affects your resistance to hostile enchantments.
 A - a scarf of clouds (worn)
 F - a scarf of resistance
 L - the +0 robe "Damnable Contraption" (worn) {*Drain rF+++ Int+3 SInv}
   (You found it on level 6 of the Dungeon)

   It affects your intelligence (+3).
   It renders you almost immune to fire.
   It lets you see invisible.
   It causes draining when unequipped.
 Z - a +0 medium shield of reflection
Jewellery
 C - a +5 ring of dexterity (right hand)
 J - an amulet of the gourmand (around neck)
 X - a +4 ring of strength (left hand)
Wands
 h - a wand of charming (7)
 w - a wand of polymorph (3)
 K - a wand of acid (25)
 O - a wand of digging (5)
 S - a wand of scattershot (6)
 V - a wand of paralysis (1)
 Y - a wand of disintegration (18)
Scrolls
 d - 2 scrolls of amnesia
 g - 2 scrolls of blinking {unknown}
 j - 4 scrolls of fear {unknown}
 k - 7 scrolls of teleportation
 l - 7 scrolls of fog
 p - 6 scrolls of remove curse
 v - 4 scrolls of immolation {unknown}
 z - 2 scrolls of enchant weapon
 B - 2 scrolls of revelation {unknown}
 D - 3 scrolls of enchant armour {unknown}
 G - a scroll of summoning {unknown}
 N - 2 scrolls of vulnerability {unknown}
 U - a scroll of silence {unknown}
 W - a scroll of brand weapon
Potions
 m - 4 potions of curing
 q - 3 potions of lignification
 r - a potion of flight {unknown}
 s - a potion of heal wounds {pickup}
 t - 2 potions of brilliance
 u - 3 potions of haste
 y - 2 potions of agility
 E - a potion of cancellation {unknown}
 I - 2 potions of berserk rage
 M - 2 potions of resistance {unknown}
 P - 3 potions of mutation
 R - a potion of ambrosia {unknown}
Miscellaneous
 Q - a phial of floods
 T - a phantom mirror
Comestibles
 e - 42 rations {!d}


   Skills:
 + Level 7.7 Fighting
 - Level 4.6 Long Blades
 + Level 2.1 Throwing
 + Level 8.5 Dodging
 + Level 6.7 Stealth
 + Level 6.1 Shields
 - Level 1.0 Unarmed Combat
 + Level 15.3 Spellcasting
   Level 15.3 Conjurations
   Level 15.3 Hexes
   Level 15.3 Charms
   Level 15.3 Summonings
   Level 15.3 Necromancy
   Level 15.3 Translocations
   Level 15.3 Transmutations
   Level 15.3 Fire Magic
   Level 15.3 Ice Magic
   Level 15.3 Air Magic
   Level 15.3 Earth Magic
   Level 15.3 Poison Magic
 + Level 1.4 Evocations


You had 4 spell levels left.
You knew the following spells:

 Your Spells              Type           Power        Failure   Level  Hunger
a - Sandblast             Erth           ######       0%          1    None
b - Poisonous Vapours     Pois/Air       ######       0%          2    None
c - Spectral Weapon       Hex/Chrm       #######.     1%          3    None
d - Passwall              Tmut/Erth      #######.     0%          2    None
e - Inner Flame           Hex/Fire       N/A          1%          3    None
f - Stone Arrow           Conj/Erth      ######       1%          3    None
g - Lee's Rapid Deconstr  Erth           #######...   1%          5    None
h - Summon Mana Viper     Hex/Summ       #######.     1%          5    None
i - Aura of Abjuration    Summ           #######...   1%          6    ##.....
j - Infestation           Hex/Tmut/Pois  #######..    1%          6    ##.....
k - Petrify               Tmut/Erth      #######...   1%          4    None

Your spell library contained the following spells:

 Spells                   Type           Power        Failure   Level  Hunger
 Summon Ice Beast         Ice/Summ       #######.     1%          4    None


Dungeon Overview and Level Annotations

Branches:
Dungeon (11/12)            Temple (1/1) D:7            Lair (6/6) D:8
  Swamp (2/3) Lair:2       Spider (0/3) Lair:4        Slime (0/5) Orc
    Orc (1/1) D:11            Elf (0/3) Lair:5       Vaults (0/3) D:11

Altars:
Ashenzari
Cheibriados
Dithmenos
Fedhas
Gozag
Hepliaklqana
Kikubaaqudgha
Lugonu
Makhleb
Nemelex Xobeh
Okawaru
Qazlal
Ru
Sif Muna
Trog
Uskayaw
Vehumet
Wu Jian
Xom
Yredelemnul
Jiyva

Shops:
D:4 %   D:5 :   D:7 %   D:9 *   Orc *[*!%(=(

Portals:
Trove: D:8 (give +2 storm dragon scales)

Annotations:
D:11 3 runed translucent doors, kosoiffoigrumme1174's ghost, journeyman VSCK
Lair:2 3 runed translucent doors, kosoiffoigrumme1174's ghost, journeyman TrAc
Lair:6 3 runed translucent doors, fifreuwaquouxo3460's ghost, journeyman TrAc


Innate Abilities, Weirdness & Mutations

You learn spells by gaining experience, not through books or religion.
You only train spellcasting to practice magic.
You have sharp fingernails.
You have very sharp teeth.
You have a pair of small horns on your head.


Message History

The bog body closely misses your spark wasp.
Your spark wasp bursts into living lightning!
The living lightning hits the ghoul!
You feel very mighty all of a sudden.
Your hornet stings the bog body.
The ghoul claws you!!
* * * LOW HITPOINT WARNING * * *
The ghoul claws you!
* * * LOW HITPOINT WARNING * * *
Your spark wasp bursts into living lightning!
The living lightning hits the ghoul!!
The living lightning hits the bog body!
Your hornet barely misses the bog body.
You slice the ghoul!! You headbutt the ghoul. Your bite misses the ghoul.
The ghoul is heavily damaged.
Your spark wasp disappears in a puff of smoke!
Your spectral weapon closely misses the ghoul.
The ghoul claws you.
* * * LOW HITPOINT WARNING * * *
The ghoul closely misses you.
Your hornet stings the bog body.
The ghoul barely misses you. The ghoul claws you!!
You die...

..≈≈....♣..≈.♣≈§≈≈.♣≈.≈≈..♣
#.###.#..♣♣.♣♣.≈...≈≈.≈≈♣♣♣
..†...#.....♣..≈.≈≈≈≈.≈♣♣*
.#..#.#.≈.....≈≈≈≈.≈≈... ,
**
......#..≈≈≈.≈≈≈≈≈..≈♣...≈ *
)#..###...≈...≈≈≈≈♣.♣.....
≈, * ..........♣♣♣...♣♣♣♣♣♣,
, * *
##..####♣♣♣♣...♣♣♣≈≈≈♣♣♣*,,,
##..# #,♣♣.≈♣♣@≈ny.≈.♣ #...#
#.♣††.♣.(n♣≈♣♣≈. ,
#...#####..≈..♣†.≈♣> ≈ ,
##....##.≈.(≈.≈.≈♣♣{≈*, ,
.........♣.....†≈♣*> ,
♣.§....♣♣♣....♣..♣ ≈ * ,≈,
♣♣≈....♣ ♣♣(§.♣♣.≈.≈{≈{
♣♣♣...♣♣ ♣♣..♣♣♣♣≈≈≈♣ * * ♣
♣♣...♣ ♣♣.♣ **♣♣♣♣ * ,


You could see a ghoul, a bog body, a friendly hornet and a friendly spectral +8
falchion "Killer Klown's Doom" {vamp, *Drain rN+ Str+2}.

Vanquished Creatures
  Snorg (Lair:6)
  8 hydras
  A two-headed ogre (D:9)
  An anaconda (Lair:4)
  A death yak (Lair:4)
  3 alligators (Swamp:1)
  Nergalle (Lair:4)
  A swamp dragon (Swamp:1)
  A spriggan druid (Swamp:2)
  A wolf spider zombie (D:9)
  Pikel (D:7)
  An orc knight (D:8)
  A manticore (D:11)
  An ugly thing (D:11)
  9 black mambas
  A torpor snail (Lair:1)
  4 cane toads
  4 komodo dragons
  An eye of draining (D:11)
  2 tyrant leeches
  A troll (D:11)
  2 polar bears (Lair:6)
  4 hornets (Lair:6)
  2 harpy skeletons (D:11)
  Grinder (D:3)
  A bog body (Swamp:2)
  3 slime creatures
  7 blink frogs
  7 hippogriffs
  11 spriggans
  Sigmund (D:6)
  Eustachio (D:4)
  19 yaks
  A wyvern (Lair:6)
  2 basilisks
  A hungry ghost (D:9)
  A steam dragon (D:8)
  10 vampire mosquitoes
  2 redbacks (Lair:4)
  Menkaure (D:7)
  Edmund (D:6)
  5 swamp worms
  7 crocodiles
  7 porcupines
  Duvessa (D:4)
  A soldier ant (D:11)
  5 orc warriors
  A hornet zombie (D:11)
  2 water moccasins
  3 swamp drakes
  2 ice beasts (D:5)
  2 black bears
  A necrophage (D:8)
  A phantom (D:5)
  2 ogres
  2 boggarts (Lair:6)
  19 wolves
  8 kobold brigands
  15 bullfrogs
  7 centaurs
  Dowan (D:4)
  3 scorpions
  10 killer bees
  5 howler monkeys
  A wight (D:8)
  6 orc priests
  2 electric eels
  A bullfrog zombie (D:8)
  6 crimson imps
  7 hounds
  2 jellies
  Ijyb (D:3)
  Jessica (D:3)
  4 iguanas
  12 worker ants
  2 orc wizards
  2 hound zombies (D:10)
  Robin (D:2)
  A worker ant zombie (D:5)
  4 gnolls
  10 adders
  4 shadow imps
  An adder zombie (D:9)
  8 adder skeletons
  3 worms
  3 dart slugs
  4 leopard geckos
  48 orcs
  A ball python (D:3)
  5 bats
  5 goblins
  10 hobgoblins
  5 jackals (D:5)
  6 quokkas
  6 frilled lizards
  31 kobolds
  5 rats
  3 fungi
  5 plants
449 creatures vanquished.

Vanquished Creatures (collateral kills)
  Nikola (Swamp:1)
  Frances (D:10)
  4 vault guards (D:11)
  5 hydras
  A catoblepas (Lair:4)
  5 alligators
  2 death yaks (Lair:4)
  The ghost of Cris the Thaumaturge, a novice FrVM of Sif Muna (D:7)
  A centaur warrior (Orc)
  A goliath frog (Lair:6)
  2 death drakes
  A wolf spider zombie (D:8)
  3 orc knights (Orc)
  5 slime creatures
  An ugly thing (D:11)
  2 orc sorcerers (Orc)
  A torpor snail (Lair:4)
  A black mamba (Lair:3)
  A cane toad (Lair:3)
  A gargoyle (D:8)
  A kobold demonologist (D:7)
  A freezing wraith (D:8)
  A komodo dragon (Lair:3)
  A tyrant leech (Swamp:2)
  3 polar bears (Lair:6)
  2 trolls
  5 hornets
  A harpy skeleton (D:11)
  4 blink frogs
  6 bog bodies
  4 spriggans
  Grum (D:8)
  A basilisk (Lair:4)
  7 yaks
  2 hungry ghosts
  4 vampire mosquitoes
  A swamp worm (Lair:2)
  A warg (Orc)
  3 water moccasins
  A porcupine (Lair:1)
  4 crocodiles
  23 orc warriors
  2 ice beasts
  2 necrophages (Swamp:2)
  11 wolves
  An ogre (Orc)
  2 kobold brigands (D:7)
  A bullfrog (Lair:4)
  5 centaurs (Orc)
  A killer bee (D:9)
  A howler monkey (D:11)
  3 orc priests (Orc)
  4 orc wizards
  An iguana (D:8)
  A worker ant (D:9)
  An adder (D:11)
  13 orcs
166 creatures vanquished.

Vanquished Creatures (others)
  A polar bear (Lair:6)
  A hornet (Lair:6)
  A spriggan (Lair:6)
  A boggart (Lair:6)
  A wolf (Lair:6)
  22 fungi
  11 plants
  9 spectral weapons
47 creatures vanquished.

Grand Total: 662 creatures vanquished

Notes
Turn   | Place    | Note
-------+----------+-------------------------------------------
     0 | D:1      | Lazarus1551 the Oni Earth Elementalist began the quest for
                  | the Orb.
     0 | D:1      | Reached XP level 1. HP: 14/14 MP: 6/6
   262 | D:1      | Reached XP level 2. HP: 20/20 MP: 3/7
   344 | D:1      | Reached skill level 3 in Spellcasting
   777 | D:2      | Reached XP level 3. HP: 22/26 MP: 7/9
   873 | D:2      | Noticed Robin
   880 | D:2      | Learned a level 2 spell: Poisonous Vapours
   898 | D:2      | Killed Robin
  1086 | D:2      | Found a stormy altar of Qazlal.
  1466 | D:3      | Noticed Jessica
  1467 | D:3      | Noticed Grinder
  1467 | D:3      | Paralysed by Grinder for 2 turns
  1480 | D:3      | Killed Jessica
  1481 | D:3      | Reached XP level 4. HP: 33/33 MP: 5/11
  1488 | D:3      | Paralysed by Grinder for 4 turns
  1574 | D:3      | Killed Grinder
  1575 | D:3      | Reached skill level 4 in Spellcasting
  1575 | D:3      | Reached XP level 5. HP: 39/39 MP: 8/14
  1575 | D:3      | Reached XP level 6. HP: 46/46 MP: 8/15
  1635 | D:3      | Learned a level 3 spell: Spectral Weapon
  1716 | D:3      | Noticed Ijyb
  1783 | D:3      | Killed Ijyb
  2193 | D:3      | Reached skill level 5 in Spellcasting
  2439 | D:4      | Noticed Duvessa
  2439 | D:4      | Noticed Dowan
  2586 | D:4      | Found a corrupted altar of Lugonu.
  2617 | D:4      | Reached XP level 7. HP: 51/51 MP: 13/16
  2665 | D:4      | Noticed Eustachio
  2730 | D:4      | Killed Eustachio
  2787 | D:4      | Reached skill level 1 in Fighting
  2810 | D:4      | Killed Duvessa
  2815 | D:4      | Killed Dowan
  2816 | D:4      | Reached skill level 6 in Spellcasting
  2856 | D:4      | Found Noutwaru's Food Emporium.
  2859 | D:4      | Reached XP level 8. HP: 39/59 MP: 14/19
  2996 | D:5      | Entered Level 5 of the Dungeon
  3076 | D:5      | Noticed a hippogriff
  3083 | D:5      | Killed a hippogriff
  3192 | D:5      | Reached skill level 7 in Spellcasting
  3279 | D:5      | Noticed a yak
  3296 | D:5      | Killed a yak
  3397 | D:5      | Found Aruosh's Book Boutique.
  3401 | D:5      | Reached XP level 9. HP: 52/68 MP: 22/22
  3617 | D:5      | Found an iron altar of Okawaru.
  3834 | D:6      | Found a bloodstained altar of Trog.
  3953 | D:6      | Noticed Edmund
  3962 | D:6      | Killed Edmund
  3963 | D:6      | Reached skill level 8 in Spellcasting
  3967 | D:6      | Got a shimmering robe
  3978 | D:6      | Identified the cursed +0 robe "Damnable Contraption"
                  | {*Drain rF+++ Int+3 SInv} (You found it on level 6 of the
                  | Dungeon)
  4011 | D:6      | Noticed Sigmund
  4015 | D:6      | Killed Sigmund
  4490 | D:6      | Found a hide-covered altar of Uskayaw.
  4791 | D:7      | Found a hazy altar of Hepliaklqana.
  4844 | D:7      | Noticed Menkaure
  4859 | D:7      | Killed Menkaure
  4946 | D:7      | Found a radiant altar of Vehumet.
  4946 | D:7      | Found a runed translucent gate.
  4953 | D:7      | Found an ancient bone altar of Kikubaaqudgha.
  4954 | D:7      | Found a shimmering blue altar of Sif Muna.
  4967 | D:7      | Found a staircase to the Ecumenical Temple.
  4987 | Temple   | Entered the Ecumenical Temple
  5066 | Temple   | Became a worshipper of Ashenzari the Shackled
  5067 | Temple   | Found the cursed amulet of Vision {SInv *Curse}
  5097 | D:7      | Found a runed translucent gate.
  5097 | D:7      | Found a runed translucent gate.
  5098 | D:7      | Noticed Cris's ghost (novice FrVM)
  5098 | D:7      | Identified the +5 short sword "Omeol" {pain, MP+9}
  5098 | D:7      | Noticed a kobold demonologist
  5283 | D:7      | Noticed Pikel
  5313 | D:7      | Found Uxzaureu's Food Emporium.
  5414 | D:7      | Killed Pikel
  5415 | D:7      | Reached skill level 5 in Dodging
  5415 | D:7      | Reached skill level 9 in Spellcasting
  5415 | D:7      | Reached XP level 10. HP: 72/77 MP: 16/25
  5702 | D:8      | Learned a level 2 spell: Passwall
  5706 | D:8      | Learned a level 3 spell: Inner Flame
  5710 | D:8      | Learned a level 3 spell: Stone Arrow
  5716 | D:8      | Learned a level 5 spell: Lee's Rapid Deconstruction
  5722 | D:8      | Learned a level 5 spell: Summon Mana Viper
  5740 | D:8      | Noticed a gargoyle
  5753 | D:8      | Killed a gargoyle
  6024 | D:8      | Noticed an orc knight
  6039 | D:8      | Killed an orc knight
  6175 | D:8      | Identified the Catalogue of Poison
  6276 | D:8      | Reached skill level 10 in Spellcasting
  6466 | D:8      | Found a staircase to the Lair.
  6493 | D:8      | Reached XP level 11. HP: 84/84 MP: 7/27
  6645 | D:8      | Noticed Grum
  6657 | D:8      | Killed Grum
  6707 | D:8      | Found a glowing golden altar of the Shining One.
  6782 | D:8      | Found a portal to a secret trove of treasure.
  6978 | D:9      | Found Gozag's Platinum Reserve.
  6980 | D:9      | Found an opulent altar of Gozag.
  6990 | D:9      | Reached * piety under Ashenzari
  7047 | D:9      | Found a stormy altar of Qazlal.
  7152 | D:9      | Noticed a two-headed ogre
  7166 | D:9      | Killed a two-headed ogre
  7174 | D:9      | Found a sparkling altar of Nemelex Xobeh.
  7247 | D:9      | Reached skill level 11 in Spellcasting
  7451 | D:9      | Found a shadowy altar of Dithmenos.
  7675 | D:10     | Entered Level 10 of the Dungeon
  7708 | D:10     | Noticed Frances
  7955 | D:10     | Killed Frances
  8591 | D:11     | Reached XP level 12. HP: 71/93 MP: 14/29
  8605 | D:11     | Reached skill level 5 in Fighting
  8720 | D:11     | Found a staircase to the Orcish Mines.
  8854 | D:11     | Noticed kosoiffoigrumme1174's ghost (journeyman VSCK)
  8855 | D:11     | Found a runed translucent gate.
  8855 | D:11     | Found a runed translucent gate.
  8855 | D:11     | Found a runed translucent gate.
  8855 | D:11     | Noticed a fire giant
  8855 | D:11     | Noticed an ettin
  8855 | D:11     | Noticed an ogre mage
  8861 | D:11     | Reached skill level 12 in Spellcasting
  9134 | D:11     | Noticed a vault guard
  9182 | D:11     | Reached ** piety under Ashenzari
  9617 | Lair:1   | Entered Level 1 of the Lair of Beasts
  9828 | Lair:1   | Reached skill level 1 in Shields
  9934 | Lair:1   | Got the falchion "Killer Klown's Doom" {vamp, *Drain rN+
                  | Str+2}
 10035 | Lair:1   | Identified the ring "Ype Feydd" {AC+4 Int+5}
 10715 | Lair:2   | Noticed an eight-headed hydra
 10748 | Lair:2   | Found a runed translucent gate.
 10748 | Lair:2   | Found a runed translucent gate.
 10749 | Lair:2   | Found a runed translucent gate.
 10750 | Lair:2   | Noticed a five-headed hydra
 10757 | Lair:2   | Noticed kosoiffoigrumme1174's ghost (journeyman TrAc)
 10818 | Lair:2   | Noticed a five-headed hydra
 10824 | Lair:2   | Killed a five-headed hydra
 10887 | Lair:2   | Noticed an eight-headed hydra
 10912 | Lair:2   | Killed an eight-headed hydra
 10913 | Lair:2   | Reached skill level 13 in Spellcasting
 10922 | Lair:2   | Reached XP level 13. HP: 101/101 MP: 14/32
 11218 | Lair:2   | Reached skill level 5 in Stealth
 11631 | Lair:3   | Reached *** piety under Ashenzari
 12688 | Lair:4   | Identified the +8 falchion "Killer Klown's Doom" {vamp,
                  | *Drain rN+ Str+2} (You found it on level 1 of the Lair of
                  | Beasts)
 12744 | Lair:4   | Noticed Nergalle
 12969 | Lair:4   | Found a hole to the Spider Nest.
 13245 | Lair:4   | Reached skill level 1 in Long Blades
 13294 | Lair:4   | Learned a level 6 spell: Aura of Abjuration
 13316 | Lair:4   | Killed Nergalle
 13751 | Lair:5   | Found a staircase to the Elven Halls.
 14085 | Lair:5   | Got the cursed plate armour "Ylot" {rPois rC++}
 14093 | Lair:5   | Reached skill level 5 in Shields
 14445 | Lair:6   | Entered Level 6 of the Lair of Beasts
 14581 | Lair:6   | Found a runed translucent gate.
 14581 | Lair:6   | Found a runed translucent gate.
 14581 | Lair:6   | Found a runed translucent gate.
 14588 | Lair:6   | Noticed fifreuwaquouxo3460's ghost (journeyman TrAc)
 14590 | Lair:6   | Found a viscous altar of Jiyva.
 14591 | Lair:6   | Identified the ring of Awe {Ice rElec rPois MR+++ Str-2
                  | Stlth-}
 14646 | Lair:6   | Reached XP level 14. HP: 102/110 MP: 27/33
 14754 | Lair:6   | Reached skill level 14 in Spellcasting
 14847 | Lair:6   | Noticed Snorg
 14872 | Lair:6   | Killed Snorg
 15503 | Lair:6   | Reached **** piety under Ashenzari
 15539 | Lair:6   | Reached skill level 1 in Evocations
 16236 | Lair:6   | Learned a level 6 spell: Infestation
 17172 | D:11     | Reached skill level 1 in Throwing
 17265 | D:11     | Found a gate to the Vaults.
 17605 | D:7      | Killed Cris's ghost
 17825 | Orc      | Entered the Orcish Mines
 17825 | Orc      | Found Jozan's Jewellery Shop.
 18076 | Orc      | Found Unila's Antique Weapon Shoppe.
 18203 | Orc      | Reached XP level 15. HP: 41/118 MP: 20/35
 18280 | Orc      | Found Xineduv's Food Boutique.
 18280 | Orc      | Found Xirut's Distillery.
 18282 | Orc      | Found Mutucsaysh's General Store.
 18284 | Orc      | Found Goidwe's Antique Weapon Shop.
 18289 | Orc      | Bought a potion of degeneration for 11 gold pieces
 18394 | Orc      | Found a viscous altar of Jiyva.
 18396 | Orc      | Found a staircase to the Slime Pits.
 18602 | Orc      | Found Kekougg's Assorted Antiques.
 18611 | Orc      | Bought 2 potions of heal wounds for 250 gold pieces
 18630 | Orc      | Found Xikhuhyr's Antique Armour Emporium.
 18639 | Orc      | Bought an ichor-stained buckler for 275 gold pieces
 18639 | Orc      | Bought a pair of bloodstained boots for 275 gold pieces
 18644 | Orc      | Identified the +2 pair of boots "Hingy" {MR+} (You bought
                  | it in a shop in the Orcish Mines)
 18645 | Orc      | Identified the +7 buckler of Peatum {rElec} (You bought it
                  | in a shop in the Orcish Mines)
 19411 | Lair:2   | Found a staircase to the Swamp.
 19525 | Swamp:1  | Entered Level 1 of the Swamp
 19593 | Swamp:1  | Reached skill level 15 in Spellcasting
 19934 | Swamp:1  | Noticed Nikola
 20215 | Swamp:1  | Learned a level 4 spell: Petrify
 20362 | Swamp:1  | Killed Nikola
 20763 | Swamp:1  | HP: 3/119 [alligator (13)]
 21644 | Swamp:2  | Noticed a ghoul
 21652 | Swamp:2  | Mangled by a ghoul

Skill      XL: |  1  2  3  4  5  6  7  8  9 10 11 12 13 14 15 |
---------------+----------------------------------------------+-----
Spellcasting   | 3 4 5 6 7 9 10 11 13 14 15 | 15.3
Dodging        | 2 3 5 6 7 8 |  8.5
Fighting       | 1 2 3 4 5 6 7 |  7.7
Stealth        | 3 4 6 |  6.7
Shields        | 2 5 6 |  6.1
Long Blades    | 2 4 |  4.6
Evocations     | 1 |  1.4
Throwing       | 1 2 |  2.1
Unarmed Combat | |  1.0
Conjurations   | | 15.3
Hexes          | | 15.3
Charms         | | 15.3
Summonings     | | 15.3
Necromancy     | | 15.3
Translocations | | 15.3
Transmutations | | 15.3
Fire Magic     | | 15.3
Ice Magic      | | 15.3
Air Magic      | | 15.3
Earth Magic    | | 15.3
Poison Magic   | | 15.3

Action                   |  1- 3 |  4- 6 |  7- 9 | 10-12 | 13-15 || total
-------------------------+-------+-------+-------+-------+-------++-------
Melee: Spear             |    55 |       |       |       |       ||    55
       Unarmed           |    17 |       |       |       |       ||    17
       Headbutt          |    21 |     5 |    43 |    45 |    87 ||   201
       Bite              |    17 |     7 |    20 |    27 |    48 ||   119
       Dagger            |    44 |    67 |   203 |   222 |    39 ||   575
       Punch             |       |     1 |       |       |     1 ||     2
       Falchion          |       |       |       |       |   298 ||   298
Throw: Stone             |     1 |     1 |     6 |       |    10 ||    18
       Tomahawk          |       |       |       |       |    33 ||    33
 Cast: Sandblast         |    19 |    28 |    35 |    61 |    92 ||   235
       Poisonous Vapours |     3 |     4 |    22 |    21 |    38 ||    88
       Spectral Weapon   |       |    11 |    22 |    26 |    36 ||    95
       Summon Mana Viper |       |       |       |    39 |    75 ||   114
       Lee's Rapid Decon |       |       |       |    22 |    30 ||    52
       Stone Arrow       |       |       |       |     1 |    37 ||    38
       Infestation       |       |       |       |       |    19 ||    19
       Aura of Abjuratio |       |       |       |       |     4 ||     4
       Inner Flame       |       |       |       |       |     2 ||     2
       Passwall          |       |       |       |       |     1 ||     1
       Petrify           |       |       |       |       |     2 ||     2
Evoke: Wand              |       |       |       |       |     2 ||     2
  Use: Scroll            |       |       |     7 |     6 |     5 ||    18
       Potion            |       |       |       |     2 |     8 ||    10
 Stab: Sleeping          |     1 |       |     4 |     6 |     5 ||    16
       Distracted        |       |       |     2 |     5 |     8 ||    15
       Petrified         |       |       |       |       |     2 ||     2
  Eat: Chunk             |     5 |     8 |    12 |    44 |    55 ||   124
       Ration            |       |       |     1 |       |     1 ||     2
Armor: Animal skin       |    25 |       |       |       |       ||    25
       Robe              |       |    15 |    23 |    21 |    33 ||    92
Dodge: Dodged            |    44 |    41 |   120 |   170 |   354 ||   729
Block: Other             |       |       |       |       |     7 ||     7
       Buckler           |       |       |       |       |   119 ||   119
